 Dungeon Crawl Stone Soup version 0.30.0-29-ga12c61a403 (webtiles) character file.

Game seed: 5197933076972339377

191 monsoonserge the Chopper (level 6, -5/53 HPs)
             Began as a Meteoran Fighter on June 16, 2023.
             Slain by an orc
             ... wielding a +3 mace
              (9 damage)
             ... on level 4 of the Dungeon.
             The game lasted 00:06:51 (920 turns).

monsoonserge the Chopper (Meteoran Fighter)          Turns: 920, Time: 00:06:51

Health: -5/53      AC:  7    Str: 19    XL:     6   Next: 22%
Magic:  7/7        EV:  9    Int: 10    God:
Gold:   116        SH: 10    Dex: 14    Spells: 5/5 levels left

rFire   . . .        a - +0 war axe
rCold   . . .        c - +0 buckler
rNeg    . . .        b - +0 scale mail
rPois   .            (no helmet)
rElec   .            (no cloak)
rCorr   .            (no gloves)
SInv    .            (no boots)
Will    .....        o - amulet of reflection Stlth
                     (no ring)
HPRegen 0.28/turn    (no ring)
MPRegen 0.10/turn

%: reflection
@: glowing
A: sense surroundings 1, otherworldly, glowing, explore regen
a: no special abilities


You were on level 4 of the Dungeon.
You visited 1 branch of the dungeon, and saw 4 of its levels.

You collected 116 gold pieces.

Inventory:

Hand Weapons
 a - a +0 war axe (weapon)
Missiles
 j - 2 poisoned darts (quivered)
 p - a throwing net
Armour
 b - a +0 scale mail (worn)
 c - a +0 buckler (worn)
Jewellery
 o - an amulet of reflection (around neck)
Scrolls
 h - a scroll of identify {unknown}
 i - a scroll of poison {unknown}
 k - a scroll of fear {unknown}
 l - a scroll of fog {unknown}
 m - 3 scrolls of magic mapping {unknown}
Potions
 d - 2 potions of might
 e - 2 potions of curing {unknown}
 f - 2 potions of berserk rage {unknown}
 g - 2 potions of ambrosia
 n - a potion of brilliance {unknown}


   Skills:
 + Level 4.5 Fighting
 + Level 5.0 Axes
 - Level 4.0 Armour
 + Level 1.4 Dodging
 + Level 4.2 Shields


You had 5 spell levels left.
You didn't know any spells.
Your spell library contained the following spells:

 Spells                   Type           Power      Damage    Failure   Level
 Scorch                   Fire           0%         2d5       91%         2
 Flame Wave               Conj/Fire      0%         2d4       100%        4
 Petrify                  Tmut/Erth      0%         N/A       100%        4
 Metabolic Englaciation   Hex/Ice        0%         N/A       100%        5
 Statue Form              Tmut/Erth      0%         N/A       100%        6
 Summon Cactus Giant      Summ           0%         N/A       100%        6


Dungeon Overview and Level Annotations

Branches:
Dungeon (4/15) Zot: 1407
 Temple: D:4-7

Altars:

Annotations:
D:3 Sigmund


Innate Abilities, Weirdness & Mutations

You passively map a small area around you.
You are easily found by Zot.
You glow in the dark.
You regain HP and MP as you explore.


Message History

Something hits you but does no damage. x2
You barely miss something. You miss something. Something hits you.
You hear some strange, mumbled words.
A magic dart appears from out of thin air!
The magic dart hits you.
You barely miss something. You miss something. You block something's attack.
Something hits you.
You closely miss something. You barely miss something.
You block something's attack.
You hear some strange, mumbled words.
A magic dart appears from out of thin air!
The magic dart hits you.
Something hits you but does no damage. x2
You miss something. x2; Something hits you.
Something hits you but does no damage.
You closely miss something. You barely miss something.
An orc wizard appears from thin air!
Reactivating autopickup.
The orc wizard hits you with a +0 dagger.
Something hits you but does no damage.
Deactivating autopickup; reactivate with Ctrl-A.
You slash the orc wizard!
You kill the orc wizard!
You hit something.
An orc wizard appears from thin air!
Reactivating autopickup.
The orc wizard casts a spell at you. The puff of flame hits you!
* * * LOW HITPOINT WARNING * * *
Your Axes skill increases to level 5!
You hit the orc wizard but do no damage.
The orc wizard is moderately wounded.
You closely miss the orc. You block the orc's attack.
The orc wizard hits you with a +0 dagger.
* * * LOW HITPOINT WARNING * * *
The orc closely misses you.
The orc wizard hits you with a +0 dagger.
* * * LOW HITPOINT WARNING * * *
You slash the orc wizard!
You kill the orc wizard!
You hit the orc. The orc hits you with a +3 mace!
You die...

*#. .#* #.
#.#.#
#.##.#.##
#....... ,,,
, #..#>..##
#..#....#
#..##...#####
#..##.......#
#)@......##.#
, #o###.#..#
,#* #S#
#.#..##.##.#
#!#
#.#.........
#.#
#<..........
#<#
#.#####.##..
#.# #.# * ...
,, #.# #..
.#.# #.# #..
, , ,# .


You could see an adder and an orc.

Vanquished Creatures
  A hound (D:4)
  2 orc wizards (D:4)
  8 adders
  A worm (D:2)
  A dart slug (D:1)
  3 orcs (D:3)
  9 ball pythons
  2 bats (D:3)
  8 endoplasms
  2 giant cockroaches (D:2)
  3 goblins
  8 hobgoblins
  A quokka (D:2)
  A frilled lizard (D:2)
  4 kobolds
  7 rats
61 creatures vanquished.

Notes
Turn   | Place    | Note
-------+----------+-------------------------------------------
     0 | D:1      | monsoonserge the Meteoran Fighter began the quest for the
                  | Orb.
     0 | D:1      | Reached XP level 1. HP: 19/19 MP: 2/2
    80 | D:1      | Reached XP level 2. HP: 24/26 MP: 3/3
    90 | D:1      | Found a faded altar of an unknown god.
   264 | D:2      | Reached skill level 3 in Axes
   264 | D:2      | Reached XP level 3. HP: 25/31 MP: 4/4
   336 | D:2      | Reached XP level 4. HP: 40/40 MP: 5/5
   487 | D:2      | Reached skill level 4 in Axes
   487 | D:2      | Reached skill level 1 in Dodging
   530 | D:2      | Reached XP level 5. HP: 46/46 MP: 6/6
   804 | D:3      | Noticed Sigmund
   895 | D:4      | Reached XP level 6. HP: 40/53 MP: 7/7
   919 | D:4      | Reached skill level 5 in Axes
   920 | D:4      | Slain by an orc

Illustrated notes

Levels and vault maps discovered:
D:1:      dpeg_arrival_triangle_fractal, layout_rooms,
          ebering_ecumenical_altar_box, dreamdust_mushroom_princess
D:2:      kennysheep_the_goblin_king, layout_loops_ring, minmay_pentomino_x4
D:3:      layout_rooms, chequers_serial_rivers_micro_b, uniq_sigmund
D:4:      layout_loops_ring, mainiacjoe_overflow_chevrons,
          nicolae_overflow_hidden_temple

Skill      XL: |  1  2  3  4  5  6 |
---------------+-------------------+-----
Armour         | 4 |  4.0
Shields        | 4 |  4.2
Axes           | 3 4 5 |  5.0
Dodging        | 1 |  1.4
Fighting       | 4 |  4.5

Action                     |  1- 3 |  4- 6 || total
---------------------------+-------+-------++-------
  Melee: War axe           |    57 |   144 ||   201
    Use: Potion            |       |     1 ||     1
 Armour: Scale mail        |    37 |    65 ||   102
  Dodge: Dodged            |    26 |    35 ||    61
  Block: Buckler           |    10 |    48 ||    58
